Demolitions vs Senators
(R2)
Created - October 25, 2018 at 22:12
Goals
|
| Demolitions |
1 |
1 |
0 |
2 |
| Senators |
1 |
2 |
0 |
3 |
|
Shots
|
| Demolitions |
11 |
14 |
8 |
33 |
| Senators |
9 |
19 |
15 |
43 |
|
1st period
1. Demolitions , Garnet Hathaway 4 (Erik Cole 3, Michael Latta 8) at 11:09 (PP)
2. Senators , Marc-André Bernier 3 (Stephane Da Costa 5, Arturs Kulda 3) at 11:40 (PP)
Penalties :
Tommy Wingels (BIN) for Hooking (Minor) at 0:42, Ian Cole (BIN) for Tripping (Minor) at 9:23, Michael Latta (Vic) for Tripping (Minor) at 11:31, Andy Andreoff (BIN) for Fighting (Major) at 13:15, Erik Cole (Vic) for Fighting (Major) at 13:15
2nd period
3. Senators , Marc-André Bernier 4 (Ian Cole 4, Stephane Da Costa 6) at 11:12
4. Senators , Phil Di Giuseppe 1 (Marc-André Bernier 3, Stephane Da Costa 7) at 12:40
5. Demolitions , Nick Shore 1 (Seth Helgeson 4, Jonathan Blum 6) at 19:33
Penalties :
Matt Frattin (BIN) for Hooking (Minor) at 3:48
3rd period
No Goal
Penalties :
Spencer Machacek (Vic) for Tripping (Minor) at 13:52, Grant Besse (BIN) for Interference (Minor) at 14:55
Goalie Stats
Connor Hellebyuk (Vic), 40 saves from 43 shots - (0.930), L, 0-1-1, 58:56 minutes
Ben Bishop (BIN), 31 saves from 33 shots - (0.939), W, 1-0-0, 60:00 minutes
Players Stats for Demolitions
Player Name G A P +/- PIM S H SB GA TA FO MP PP MP PK MP
------------------------------------------------------------------------------------
Aaron Palushaj 0 0 0 1 0 0 0 1 0 0 0/0 9:28 0:21 0:00
Andrej Nestrasil 0 0 0 0 0 1 1 0 0 0 1/4 9:29 0:19 0:09
Billy Sweat 0 0 0 0 0 2 1 0 0 1 0/0 8:52 0:00 0:00
Brandon McMillan 0 0 0 0 0 4 1 1 2 0 0/0 18:15 3:19 0:03
Cameron Schilling 0 0 0 0 0 0 0 4 0 0 0/0 17:11 0:00 0:47
Corban Knight 0 0 0 0 0 2 4 1 0 0 6/16 18:59 3:21 0:48
Dmitri Orlov 0 0 0 0 0 2 0 1 2 0 0/0 14:31 2:14 0:00
Erik Cole 0 1 1 -2 5 3 1 2 1 0 1/1 20:34 3:22 0:24
Garnet Hathaway 1 0 1 -2 0 3 0 1 0 1 0/1 22:45 3:25 0:00
Joel Vermin 0 0 0 0 0 0 1 0 0 0 0/0 11:46 2:36 0:00
Jonathan Blum 0 1 1 -1 0 1 0 3 0 1 0/0 27:28 3:56 0:25
Justin Falk 0 0 0 0 0 5 1 3 1 1 0/0 20:38 2:59 0:47
Lane MacDermid 0 0 0 1 0 1 1 0 0 1 0/0 12:06 0:21 0:45
Michael Latta 0 1 1 -2 2 3 1 1 2 0 15/42 22:26 3:07 0:15
Nick Shore 1 0 1 1 0 1 0 0 0 0 2/3 9:03 0:00 0:00
Robert Bortuzzo 0 0 0 0 0 1 1 0 0 1 0/0 11:45 0:00 0:00
Seth Helgeson 0 1 1 -1 0 2 3 2 2 2 0/0 27:53 4:25 0:25
Spencer Machacek 0 0 0 0 2 2 2 0 0 1 1/1 14:40 0:10 0:00
Players Stats for Senators
Player Name G A P +/- PIM S H SB GA TA FO MP PP MP PK MP
------------------------------------------------------------------------------------
Andy Andreoff 0 0 0 0 5 2 0 0 0 0 1/1 8:26 0:09 2:09
Arturs Kulda 0 1 1 2 0 1 3 3 2 4 0/0 23:59 0:53 4:05
Blake Coleman 0 0 0 0 0 1 0 0 0 0 0/1 3:03 0:00 2:30
Brett Bulmer 0 0 0 0 0 0 0 0 0 0 0/0 3:08 0:22 0:00
Chandler Stephenson 0 0 0 0 0 0 0 0 0 0 1/3 6:59 0:00 0:02
Dylan Blujus 0 0 0 0 0 0 1 2 0 0 0/0 12:45 0:00 0:00
Gabriel Bourque 0 0 0 0 0 0 0 0 0 0 1/1 2:18 0:00 0:58
Grant Besse 0 0 0 0 2 0 0 0 0 0 0/0 7:12 0:08 0:00
Ian Cole 0 1 1 2 2 3 5 0 0 1 0/0 26:51 0:53 2:44
Johannes Salmonsson 0 0 0 0 0 2 0 2 4 1 0/0 12:55 0:00 1:40
Keegan Lowe 0 0 0 0 0 0 1 0 0 0 0/0 14:06 0:00 1:21
Marc-André Bernier 2 1 3 1 0 8 1 1 1 0 1/1 18:25 0:53 0:00
Mason Geertsen 0 0 0 0 0 0 0 0 0 0 0/0 4:46 0:00 0:00
Matt Frattin 0 0 0 0 2 3 2 0 0 2 0/0 15:44 0:10 0:00
Nick Foligno 0 0 0 0 0 5 3 0 0 0 2/2 17:04 0:10 1:18
Olli Maatta 0 0 0 -1 0 1 1 0 0 0 0/0 18:46 0:19 2:42
Phil Di Giuseppe 1 0 1 1 0 5 1 0 0 0 2/3 15:43 0:40 0:00
Samuel Morin 0 0 0 -1 0 5 0 3 1 0 0/0 18:46 0:19 2:42
Sebastian Wannstrom 0 0 0 0 0 1 2 0 1 0 1/1 10:46 0:00 0:00
Stephane Da Costa 0 3 3 1 0 5 2 0 0 2 26/36 22:44 0:53 3:42
Tommy Wingels 0 0 0 0 2 1 2 0 0 0 5/12 15:45 0:10 0:00
Zemgus Girgensons 0 0 0 0 0 0 2 0 0 0 2/7 12:01 0:00 1:15
3 Stars
1 - Marc-André Bernier (BIN)
2 - Stephane Da Costa (BIN)
3 - Arturs Kulda (BIN)
Power Play
Demolitions - 1 on 4 Attempt(s) - 25.00%
Senators - 1 on 2 Attempt(s) - 50.00%
Penalty Kill
Demolitions - 1 on 2 Attempt(s) - 50.00%
- Score 0 goal in Penalty Kill
Senators - 3 on 4 Attempt(s) - 75.00%
- Score 0 goal in Penalty Kill
Team Stat
Demolitions - Hits : 18 - Faceoff Wins : 26 - Blocked Shots : 20 - Penalty Minutes : 9
Senators - Hits : 26 - Faceoff Wins : 42 - Blocked Shots : 11 - Penalty Minutes : 13
Official
Referees : Unknown
Linesman : Unknown
Game Notes
Gabriel Bourque is injured at 8:08 of 1st period (Bruised Left Leg)
Erik Cole beats up Andy Andreoff at 13:15 of 1st period
Finance
Level 1 -- Attendance: 1347 (67.35%) -- Ticket Income $44,451
Level 2 -- Attendance: 700 (70.00%) -- Ticket Income $10,500
Total Attendance: 2047 (68.23%)
Total Ticket Income: $54,951
Other Income: $2,748
Total Income: $57,699
Demolitions
5 vs 5 Forward
Center Left Wing Right Wing Time % Phy DF OF
1 Michael Latta Erik Cole Garnet Hathaway 54 0 0 5
2 Corban Knight Brandon McMillan Spencer Machacek 31 0 2 3
3 Andrej Nestrasil Billy Sweat Joel Vermin 10 0 3 2
4 Nick Shore Lane MacDermid Aaron Palushaj 5 0 3 2
5 vs 5 Defense
Defense Defense Time % Phy DF OF
1 Jonathan Blum Seth Helgeson 53 0 1 4
2 Cameron Schilling Justin Falk 34 0 0 5
3 Robert Bortuzzo Dmitri Orlov 10 0 3 2
4 Jonathan Blum Justin Falk 3 0 3 2
PowerPlay Forward
Center Left Wing Right Wing Time % Phy DF OF
1 Michael Latta Erik Cole Garnet Hathaway 60 0 0 5
2 Corban Knight Brandon McMillan Garnet Hathaway 40 0 0 5
PowerPlay Defense
Defense Defense Time % Phy DF OF
1 Jonathan Blum Seth Helgeson 60 0 0 5
2 Seth Helgeson Justin Falk 40 0 0 5
Penalty Kill 4 Players Forward
Center Wing Time % Phy DF OF
1 Michael Latta Erik Cole 60 1 2 2
2 Corban Knight Garnet Hathaway 40 1 2 2
Penalty Kill 4 Players Defense
Defense Defense Time % Phy DF OF
1 Justin Falk Cameron Schilling 60 1 2 2
2 Seth Helgeson Jonathan Blum 40 1 2 2
Penalty Kill - 3 Players Forward
Forward Time % Phy DF OF
1 Michael Latta 60 1 2 2
2 Erik Cole 40 1 2 2
Penalty Kill - 3 Players Defense
Defense Defense Time % Phy DF OF
1 Justin Falk Cameron Schilling 60 1 2 2
2 Cameron Schilling Jonathan Blum 40 1 2 2
4 vs 4 Forward
Center Wing Time % Phy DF OF
1 Michael Latta Garnet Hathaway 60 1 2 2
2 Corban Knight Spencer Machacek 40 1 2 2
4 vs 4 Defense
Defense Defense Time % Phy DF OF
1 Jonathan Blum Seth Helgeson 60 1 2 2
2 Cameron Schilling Justin Falk 40 1 2 2
Last Minutes Offensive
Center Left Wing Right Wing Defense Defense
Michael Latta Erik Cole Garnet Hathaway Jonathan Blum Seth Helgeson
Last Minutes Defensive
Center Left Wing Right Wing Defense Defense
Michael Latta Erik Cole Garnet Hathaway Jonathan Blum Justin Falk
Goaltenders
Starting : Connor Hellebyuk
Backup : Karri Ramo
Extra Forwards
Normal : Garnet Hathaway, Erik Cole, Michael Latta - PP : Garnet Hathaway, Erik Cole - PK : Michael Latta
Extra Defensemen
Normal : Jonathan Blum, Cameron Schilling, Dmitri Orlov - PP : Jonathan Blum - PK : Justin Falk, Cameron Schilling
Penalty Shots
Spencer Machacek, Brandon McMillan, Michael Latta, Garnet Hathaway, Erik Cole
Scratches
Alex Hutchings (Healthy), Ryan Olsen (Healthy), Thomas DiPauli (Healthy), JC Lipon (Healthy), Derek Forbort (Healthy)
Taylor Aronson (Healthy), Taylor Leier (Healthy), Colton Sceviour (Healthy), Nick Pryor (Healthy), Jake Paterson (Healthy)
Senators
5 vs 5 Forward
Center Left Wing Right Wing Time % Phy DF OF
1 Stephane Da Costa Gabriel Bourque Marc-André Bernier 40 1 2 2
2 Tommy Wingels Nick Foligno Matt Frattin 30 1 2 2
3 Zemgus Girgensons Johannes Salmonsson Sebastian Wannstrom 20 1 2 2
4 Chandler Stephenson Andy Andreoff Grant Besse 10 1 2 2
5 vs 5 Defense
Defense Defense Time % Phy DF OF
1 Ian Cole Arturs Kulda 40 1 2 2
2 Olli Maatta Samuel Morin 30 1 2 2
3 Dylan Blujus Keegan Lowe 20 1 2 2
4 Mason Geertsen Ian Cole 10 1 2 2
PowerPlay Forward
Center Left Wing Right Wing Time % Phy DF OF
1 Stephane Da Costa Gabriel Bourque Marc-André Bernier 60 1 2 2
2 Tommy Wingels Nick Foligno Matt Frattin 40 1 2 2
PowerPlay Defense
Defense Defense Time % Phy DF OF
1 Ian Cole Arturs Kulda 60 1 2 2
2 Olli Maatta Samuel Morin 40 1 2 2
Penalty Kill 4 Players Forward
Center Wing Time % Phy DF OF
1 Stephane Da Costa Gabriel Bourque 60 1 2 2
2 Nick Foligno Johannes Salmonsson 40 1 2 2
Penalty Kill 4 Players Defense
Defense Defense Time % Phy DF OF
1 Ian Cole Arturs Kulda 60 1 2 2
2 Olli Maatta Samuel Morin 40 1 2 2
Penalty Kill - 3 Players Forward
Forward Time % Phy DF OF
1 Stephane Da Costa 60 1 2 2
2 Gabriel Bourque 40 1 2 2
Penalty Kill - 3 Players Defense
Defense Defense Time % Phy DF OF
1 Ian Cole Arturs Kulda 60 1 2 2
2 Olli Maatta Samuel Morin 40 1 2 2
4 vs 4 Forward
Center Wing Time % Phy DF OF
1 Stephane Da Costa Gabriel Bourque 60 1 2 2
2 Nick Foligno Johannes Salmonsson 40 1 2 2
4 vs 4 Defense
Defense Defense Time % Phy DF OF
1 Ian Cole Arturs Kulda 60 1 2 2
2 Olli Maatta Samuel Morin 40 1 2 2
Last Minutes Offensive
Center Left Wing Right Wing Defense Defense
Stephane Da Costa Gabriel Bourque Marc-André Bernier Ian Cole Arturs Kulda
Last Minutes Defensive
Center Left Wing Right Wing Defense Defense
Stephane Da Costa Gabriel Bourque Marc-André Bernier Ian Cole Arturs Kulda
Goaltenders
Starting : Ben Bishop
Backup : Brad Thiessen
Extra Forwards
Normal : Phil Di Giuseppe, Brett Bulmer, Blake Coleman - PP : Phil Di Giuseppe, Brett Bulmer - PK : Blake Coleman
Extra Defensemen
Normal : Dylan Blujus, Keegan Lowe, Mason Geertsen - PP : Dylan Blujus - PK : Keegan Lowe, Mason Geertsen
Penalty Shots
Stephane Da Costa, Gabriel Bourque, Nick Foligno, Johannes Salmonsson, Marc-André Bernier
Scratches
None
% Time on Ice - Demolitions
Lines # - Real PCT - Wanted PCT - Time Play
Normal Forward
1 - 34% - 54% - 17:11
2 - 30% - 31% - 14:48
3 - 18% - 10% - 8:52
4 - 18% - 5% - 9:03
Normal Defense
1 - 44% - 53% - 22:11
2 - 35% - 34% - 17:39
3 - 20% - 10% - 10:04
4 - 0% - 3% - 0:00
PP Forward
1 - 49% - 60% - 3:18
2 - 51% - 40% - 3:29
PP Defense
1 - 56% - 60% - 3:48
2 - 44% - 40% - 2:59
PK Forward
1 - 100% - 60% - 1:12
2 - 0% - 40% - 0:00
PK Defense
1 - 65% - 60% - 0:47
2 - 35% - 40% - 0:25
PK3 Forward
1 - 0% - 60%
2 - 0% - 40%
PK3 Defense
1 - 0% - 60%
2 - 0% - 40%
44 Forward
1 - 82% - 60% - 0:46
2 - 18% - 40% - 0:10
44 Defense
1 - 100% - 60% - 0:56
2 - 0% - 40% - 0:00
Last Minute Offensive - 1:11
Last Minute Defensive - 0:00
Total
Forward - 60:00
Defense - 60:00
|
% Time on Ice - Senators
Lines # - Real PCT - Wanted PCT - Time Play
Normal Forward
1 - 33% - 40% - 16:41
2 - 31% - 30% - 15:36
3 - 22% - 20% - 10:46
4 - 14% - 10% - 6:50
Normal Defense
1 - 37% - 40% - 18:35
2 - 31% - 30% - 15:15
3 - 23% - 20% - 11:33
4 - 9% - 10% - 4:30
PP Forward
1 - 86% - 60% - 1:02
2 - 14% - 40% - 0:10
PP Defense
1 - 74% - 60% - 0:53
2 - 26% - 40% - 0:19
PK Forward
1 - 81% - 60% - 5:29
2 - 19% - 40% - 1:18
PK Defense
1 - 60% - 60% - 4:05
2 - 40% - 40% - 2:42
PK3 Forward
1 - 0% - 60%
2 - 0% - 40%
PK3 Defense
1 - 0% - 60%
2 - 0% - 40%
44 Forward
1 - 100% - 60% - 0:56
2 - 0% - 40% - 0:00
44 Defense
1 - 46% - 60% - 0:26
2 - 54% - 40% - 0:30
Last Minute Offensive - 0:00
Last Minute Defensive - 1:12
Total
Forward - 60:00
Defense - 60:00
|
Play by Play
1st period
0:01 of 1st period - Stephane Da Costa wins face-off versus Michael Latta in neutral zone.
0:42 of 1st period - Minor Penalty to Tommy Wingels for Hooking.
0:43 of 1st period - Gabriel Bourque wins face-off versus Michael Latta in Senators zone.
0:58 of 1st period - Snap shot by Michael Latta.
0:58 of 1st period - Shot Hit the Post.
1:08 of 1st period - Wrist shot by Garnet Hathaway.
1:08 of 1st period - Stopped by Ben Bishop with a rebound.
1:10 of 1st period - Snap shot by Garnet Hathaway.
1:10 of 1st period - Shot Blocked by Johannes Salmonsson.
1:12 of 1st period - Slapshot by Jonathan Blum.
1:12 of 1st period - Shot Blocked by Samuel Morin.
1:53 of 1st period - Michael Latta is hit by Ian Cole and loses puck.
2:42 of 1st period - Penalty to Tommy Wingels is over, Tommy Wingels is back on ice.
3:07 of 1st period - Keegan Lowe is hit by Spencer Machacek and loses puck.
3:23 of 1st period - Icing by Cameron Schilling.
3:24 of 1st period - Sebastian Wannstrom wins face-off versus Andrej Nestrasil in Demolitions zone.
3:45 of 1st period - Slapshot by Michael Latta.
3:45 of 1st period - Shot Misses the Net.
3:47 of 1st period - Snap shot by Erik Cole.
3:47 of 1st period - Shot Misses the Net.
3:59 of 1st period - Slapshot by Nick Foligno.
3:59 of 1st period - Stopped by Connor Hellebyuk with a rebound.
4:19 of 1st period - Slapshot by Arturs Kulda.
4:19 of 1st period - Shot Blocked by Seth Helgeson.
4:21 of 1st period - Slapshot by Ian Cole.
4:21 of 1st period - Stopped by Connor Hellebyuk without a rebound.
4:22 of 1st period - Michael Latta wins face-off versus Chandler Stephenson in Demolitions zone.
4:33 of 1st period - Ian Cole is hit by Erik Cole and loses puck.
4:46 of 1st period - Ian Cole is hit by Corban Knight and loses puck.
4:50 of 1st period - Icing by Arturs Kulda.
4:51 of 1st period - Andy Andreoff wins face-off versus Michael Latta in Senators zone.
5:00 of 1st period - Slapshot by Michael Latta.
5:00 of 1st period - Shot Blocked by Dylan Blujus.
5:16 of 1st period - Slapshot by Ian Cole.
5:16 of 1st period - Stopped by Connor Hellebyuk with a rebound.
7:00 of 1st period - Wrist shot by Andrej Nestrasil.
7:00 of 1st period - Stopped by Ben Bishop without a rebound.
7:01 of 1st period - Andrej Nestrasil wins face-off versus Zemgus Girgensons in Senators zone.
7:12 of 1st period - Wrist shot by Billy Sweat.
7:12 of 1st period - Shot Blocked by Samuel Morin.
7:26 of 1st period - Samuel Morin is hit by Brandon McMillan.
8:07 of 1st period - Gabriel Bourque is hit by Justin Falk and loses puck.
8:08 of 1st period - Gabriel Bourque from Senators is injured at 8:08 of 1st period (Bruised Left Leg).
8:09 of 1st period - Stephane Da Costa wins face-off versus Michael Latta in Senators zone.
8:16 of 1st period - Wrist shot by Stephane Da Costa.
8:16 of 1st period - Shot Misses the Net.
8:36 of 1st period - Spencer Machacek is hit by Nick Foligno and loses puck.
8:59 of 1st period - Slapshot by Justin Falk.
8:59 of 1st period - Shot Blocked by Johannes Salmonsson.
9:01 of 1st period - Snap shot by Billy Sweat.
9:01 of 1st period - Stopped by Ben Bishop without a rebound.
9:02 of 1st period - Michael Latta wins face-off versus Stephane Da Costa in Senators zone.
9:17 of 1st period - Slapshot by Michael Latta.
9:17 of 1st period - Stopped by Ben Bishop with a rebound.
9:23 of 1st period - Minor Penalty to Ian Cole for Tripping.
9:24 of 1st period - Stephane Da Costa wins face-off versus Michael Latta in Senators zone.
9:24 of 1st period - Stephane Da Costa is hit by Seth Helgeson.
9:40 of 1st period - Seth Helgeson is hit by Arturs Kulda and loses puck.
10:05 of 1st period - Wrist shot by Garnet Hathaway.
10:05 of 1st period - Stopped by Ben Bishop without a rebound.
10:06 of 1st period - Corban Knight wins face-off versus Zemgus Girgensons in Senators zone.
10:11 of 1st period - Wrist shot by Brandon McMillan.
10:11 of 1st period - Stopped by Ben Bishop without a rebound.
10:12 of 1st period - Stephane Da Costa wins face-off versus Corban Knight in Senators zone.
10:21 of 1st period - Justin Falk is hit by Stephane Da Costa and loses puck.
10:30 of 1st period - Joel Vermin is hit by Arturs Kulda and loses puck.
10:37 of 1st period - Slapshot by Justin Falk.
10:37 of 1st period - Shot Blocked by Arturs Kulda.
10:53 of 1st period - Wrist shot by Justin Falk.
10:53 of 1st period - Stopped by Ben Bishop without a rebound.
10:54 of 1st period - Nick Foligno wins face-off versus Michael Latta in Senators zone.
11:01 of 1st period - Snap shot by Erik Cole.
11:01 of 1st period - Shot Blocked by Arturs Kulda.
11:09 of 1st period - Snap shot by Garnet Hathaway.
11:09 of 1st period - Goal by Garnet Hathaway - Demolitions : 1 - Senators : 0.
11:10 of 1st period - Stephane Da Costa wins face-off versus Michael Latta in neutral zone.
11:13 of 1st period - Jonathan Blum is hit by Stephane Da Costa and loses puck.
11:18 of 1st period - Snap shot by Stephane Da Costa.
11:18 of 1st period - Shot Blocked by Erik Cole.
11:20 of 1st period - Slapshot by Arturs Kulda.
11:20 of 1st period - Deflect By Stephane Da Costa.
11:20 of 1st period - Shot Misses the Net.
11:20 of 1st period - Puck is out of play.
11:21 of 1st period - Stephane Da Costa wins face-off versus Michael Latta in Demolitions zone.
11:31 of 1st period - Minor Penalty to Michael Latta for Tripping.
11:32 of 1st period - Corban Knight wins face-off versus Stephane Da Costa in Demolitions zone.
11:40 of 1st period - Snap shot by Marc-André Bernier.
11:40 of 1st period - Goal by Marc-André Bernier - Demolitions : 1 - Senators : 1.
11:41 of 1st period - Michael Latta wins face-off versus Stephane Da Costa in neutral zone.
12:19 of 1st period - Corban Knight is hit by Tommy Wingels and loses puck.
12:55 of 1st period - Wrist shot by Stephane Da Costa.
12:55 of 1st period - Shot Misses the Net.
12:57 of 1st period - Wrist shot by Ian Cole.
12:57 of 1st period - Shot Misses the Net.
12:59 of 1st period - Wrist shot by Phil Di Giuseppe.
12:59 of 1st period - Shot Misses the Net.
13:08 of 1st period - Off-side.
13:09 of 1st period - Chandler Stephenson wins face-off versus Michael Latta in neutral zone.
13:15 of 1st period - Erik Cole beats up Andy Andreoff.
13:15 of 1st period - Penalty to Andy Andreoff for Fighting.
13:15 of 1st period - Penalty to Erik Cole for Fighting.
13:16 of 1st period - Michael Latta wins face-off versus Stephane Da Costa in Demolitions zone.
13:47 of 1st period - Slapshot by Justin Falk.
13:47 of 1st period - Stopped by Ben Bishop without a rebound.
13:48 of 1st period - Tommy Wingels wins face-off versus Andrej Nestrasil in Senators zone.
13:48 of 1st period - Tommy Wingels is hit by Billy Sweat.
14:05 of 1st period - Slapshot by Justin Falk.
14:05 of 1st period - Deflect By Nick Foligno.
14:05 of 1st period - Stopped by Ben Bishop without a rebound.
14:06 of 1st period - Marc-André Bernier wins face-off versus Michael Latta in Senators zone.
14:58 of 1st period - Snap shot by Andrej Nestrasil.
14:58 of 1st period - Shot Misses the Net.
15:00 of 1st period - Snap shot by Andrej Nestrasil.
15:00 of 1st period - Shot Misses the Net.
16:09 of 1st period - Snap shot by Marc-André Bernier.
16:09 of 1st period - Deflect By Phil Di Giuseppe.
16:09 of 1st period - Stopped by Connor Hellebyuk with a rebound.
16:49 of 1st period - Snap shot by Chandler Stephenson.
16:49 of 1st period - Shot Misses the Net.
17:41 of 1st period - Robert Bortuzzo is hit by Sebastian Wannstrom and loses puck.
18:00 of 1st period - Snap shot by Phil Di Giuseppe.
18:00 of 1st period - Stopped by Connor Hellebyuk with a rebound.
18:02 of 1st period - Slapshot by Samuel Morin.
18:02 of 1st period - Stopped by Connor Hellebyuk with a rebound.
18:04 of 1st period - Slapshot by Samuel Morin.
18:04 of 1st period - Deflect By Phil Di Giuseppe.
18:04 of 1st period - Stopped by Connor Hellebyuk with a rebound.
18:06 of 1st period - Slapshot by Mason Geertsen.
18:06 of 1st period - Shot Blocked by Aaron Palushaj.
18:08 of 1st period - Slapshot by Arturs Kulda.
18:08 of 1st period - Stopped by Connor Hellebyuk with a rebound.
18:18 of 1st period - Justin Falk is hit by Arturs Kulda and loses puck.
18:35 of 1st period - Samuel Morin is hit by Lane MacDermid and loses puck.
18:46 of 1st period - Joel Vermin is hit by Tommy Wingels and loses puck.
19:08 of 1st period - Spencer Machacek is hit by Ian Cole and loses puck.
19:51 of 1st period - Wrist shot by Dmitri Orlov.
19:51 of 1st period - Stopped by Ben Bishop with a rebound.
19:59 of 1st period - Joel Vermin is hit by Nick Foligno.
Goals for this period are 1 for Demolitions vs 1 for Senators.
Shots for this period are 11 for Demolitions vs 9 for Senators.
2nd period
0:01 of 2nd period - Stephane Da Costa wins face-off versus Michael Latta in neutral zone.
1:14 of 2nd period - Slapshot by Justin Falk.
1:14 of 2nd period - Stopped by Ben Bishop with a rebound.
1:30 of 2nd period - Icing by Olli Maatta.
1:31 of 2nd period - Stephane Da Costa wins face-off versus Michael Latta in Senators zone.
1:33 of 2nd period - Icing by Marc-André Bernier.
1:34 of 2nd period - Stephane Da Costa wins face-off versus Michael Latta in Senators zone.
1:39 of 2nd period - Snap shot by Stephane Da Costa.
1:39 of 2nd period - Shot Blocked by Garnet Hathaway.
1:41 of 2nd period - Slapshot by Samuel Morin.
1:41 of 2nd period - Stopped by Connor Hellebyuk without a rebound.
1:42 of 2nd period - Stephane Da Costa wins face-off versus Michael Latta in Demolitions zone.
2:07 of 2nd period - Brandon McMillan is hit by Matt Frattin and loses puck.
2:16 of 2nd period - Snap shot by Nick Foligno.
2:16 of 2nd period - Shot Misses the Net.
3:25 of 2nd period - Slapshot by Tommy Wingels.
3:25 of 2nd period - Stopped by Connor Hellebyuk without a rebound.
3:26 of 2nd period - Tommy Wingels wins face-off versus Michael Latta in Demolitions zone.
3:48 of 2nd period - Minor Penalty to Matt Frattin for Hooking.
3:49 of 2nd period - Stephane Da Costa wins face-off versus Michael Latta in Senators zone.
5:48 of 2nd period - Penalty to Matt Frattin is over, Matt Frattin is back on ice.
6:29 of 2nd period - Snap shot by Johannes Salmonsson.
6:29 of 2nd period - Stopped by Connor Hellebyuk with a rebound.
6:31 of 2nd period - Wrist shot by Johannes Salmonsson.
6:31 of 2nd period - Shot Misses the Net.
7:04 of 2nd period - Spencer Machacek is hit by Ian Cole and loses puck.
7:31 of 2nd period - Slapshot by Nick Foligno.
7:31 of 2nd period - Shot Misses the Net.
7:33 of 2nd period - Slapshot by Nick Foligno.
7:33 of 2nd period - Stopped by Connor Hellebyuk with a rebound.
7:35 of 2nd period - Slapshot by Olli Maatta.
7:35 of 2nd period - Stopped by Connor Hellebyuk without a rebound.
7:36 of 2nd period - Tommy Wingels wins face-off versus Michael Latta in Demolitions zone.
7:37 of 2nd period - Slapshot by Nick Foligno.
7:37 of 2nd period - Shot Hit the Post.
7:39 of 2nd period - Slapshot by Samuel Morin.
7:39 of 2nd period - Deflect By Erik Cole.
7:39 of 2nd period - Stopped by Connor Hellebyuk without a rebound.
7:40 of 2nd period - Michael Latta wins face-off versus Tommy Wingels in Demolitions zone.
7:51 of 2nd period - Wrist shot by Matt Frattin.
7:51 of 2nd period - Deflect By Nick Foligno.
7:51 of 2nd period - Shot Blocked by Cameron Schilling.
7:51 of 2nd period - Puck is out of play.
7:52 of 2nd period - Corban Knight wins face-off versus Stephane Da Costa in Demolitions zone.
7:57 of 2nd period - Wrist shot by Corban Knight.
7:57 of 2nd period - Stopped by Ben Bishop with a rebound.
7:59 of 2nd period - Snap shot by Jonathan Blum.
7:59 of 2nd period - Deflect By Spencer Machacek.
7:59 of 2nd period - Shot Misses the Net.
7:59 of 2nd period - Puck is out of play.
8:00 of 2nd period - Stephane Da Costa wins face-off versus Corban Knight in Senators zone.
9:05 of 2nd period - Jonathan Blum is hit by Olli Maatta and loses puck.
9:21 of 2nd period - Off-side.
9:22 of 2nd period - Corban Knight wins face-off versus Chandler Stephenson in neutral zone.
9:33 of 2nd period - Slapshot by Ian Cole.
9:33 of 2nd period - Shot Blocked by Justin Falk.
10:39 of 2nd period - Wrist shot by Johannes Salmonsson.
10:39 of 2nd period - Stopped by Connor Hellebyuk with a rebound.
10:41 of 2nd period - Slapshot by Samuel Morin.
10:41 of 2nd period - Shot Misses the Net.
10:43 of 2nd period - Slapshot by Samuel Morin.
10:43 of 2nd period - Stopped by Connor Hellebyuk with a rebound.
10:53 of 2nd period - Arturs Kulda is hit by Robert Bortuzzo and loses puck.
10:59 of 2nd period - Icing by Ian Cole.
11:00 of 2nd period - Michael Latta wins face-off versus Tommy Wingels in Senators zone.
11:06 of 2nd period - Off-side.
11:07 of 2nd period - Stephane Da Costa wins face-off versus Garnet Hathaway in neutral zone.
11:10 of 2nd period - Slapshot by Ian Cole.
11:10 of 2nd period - Shot Blocked by Michael Latta.
11:12 of 2nd period - Wrist shot by Marc-André Bernier.
11:12 of 2nd period - Goal by Marc-André Bernier - Demolitions : 1 - Senators : 2.
11:13 of 2nd period - Stephane Da Costa wins face-off versus Michael Latta in neutral zone.
11:18 of 2nd period - Wrist shot by Stephane Da Costa.
11:18 of 2nd period - Shot Blocked by Jonathan Blum.
11:20 of 2nd period - Snap shot by Stephane Da Costa.
11:20 of 2nd period - Shot Blocked by Jonathan Blum.
11:55 of 2nd period - Icing by Justin Falk.
11:56 of 2nd period - Zemgus Girgensons wins face-off versus Corban Knight in Demolitions zone.
12:07 of 2nd period - Snap shot by Corban Knight.
12:07 of 2nd period - Stopped by Ben Bishop with a rebound.
12:09 of 2nd period - Wrist shot by Brandon McMillan.
12:09 of 2nd period - Stopped by Ben Bishop with a rebound.
12:11 of 2nd period - Snap shot by Spencer Machacek.
12:11 of 2nd period - Stopped by Ben Bishop with a rebound.
12:13 of 2nd period - Slapshot by Justin Falk.
12:13 of 2nd period - Stopped by Ben Bishop without a rebound.
12:14 of 2nd period - Phil Di Giuseppe wins face-off versus Michael Latta in Senators zone.
12:26 of 2nd period - Icing by Stephane Da Costa.
12:27 of 2nd period - Michael Latta wins face-off versus Stephane Da Costa in Senators zone.
12:38 of 2nd period - Wrist shot by Marc-André Bernier.
12:38 of 2nd period - Deflect By Seth Helgeson.
12:38 of 2nd period - Stopped by Connor Hellebyuk with a rebound.
12:40 of 2nd period - Snap shot by Phil Di Giuseppe.
12:40 of 2nd period - Goal by Phil Di Giuseppe - Demolitions : 1 - Senators : 3.
12:41 of 2nd period - Stephane Da Costa wins face-off versus Michael Latta in neutral zone.
12:53 of 2nd period - Wrist shot by Garnet Hathaway.
12:53 of 2nd period - Shot Misses the Net.
12:57 of 2nd period - Snap shot by Erik Cole.
12:57 of 2nd period - Stopped by Ben Bishop without a rebound.
12:58 of 2nd period - Nick Foligno wins face-off versus Corban Knight in Senators zone.
14:35 of 2nd period - Seth Helgeson is hit by Keegan Lowe and loses puck.
14:50 of 2nd period - Off-side.
14:51 of 2nd period - Stephane Da Costa wins face-off versus Corban Knight in neutral zone.
14:59 of 2nd period - Wrist shot by Marc-André Bernier.
14:59 of 2nd period - Shot Misses the Net.
15:01 of 2nd period - Slapshot by Stephane Da Costa.
15:01 of 2nd period - Stopped by Connor Hellebyuk with a rebound.
15:09 of 2nd period - Wrist shot by Stephane Da Costa.
15:09 of 2nd period - Deflect By Dmitri Orlov.
15:09 of 2nd period - Shot Blocked by Dmitri Orlov.
15:09 of 2nd period - Puck is out of play.
15:10 of 2nd period - Michael Latta wins face-off versus Tommy Wingels in Demolitions zone.
15:26 of 2nd period - Icing by Justin Falk.
15:27 of 2nd period - Stephane Da Costa wins face-off versus Michael Latta in Demolitions zone.
15:30 of 2nd period - Snap shot by Stephane Da Costa.
15:30 of 2nd period - Stopped by Connor Hellebyuk without a rebound.
15:31 of 2nd period - Stephane Da Costa wins face-off versus Michael Latta in Demolitions zone.
15:42 of 2nd period - Snap shot by Garnet Hathaway.
15:42 of 2nd period - Shot Misses the Net.
15:56 of 2nd period - Snap shot by Matt Frattin.
15:56 of 2nd period - Shot Blocked by Corban Knight.
15:58 of 2nd period - Slapshot by Arturs Kulda.
15:58 of 2nd period - Shot Blocked by Cameron Schilling.
16:16 of 2nd period - Slapshot by Ian Cole.
16:16 of 2nd period - Stopped by Connor Hellebyuk with a rebound.
16:18 of 2nd period - Snap shot by Sebastian Wannstrom.
16:18 of 2nd period - Shot Blocked by Jonathan Blum.
16:20 of 2nd period - Slapshot by Arturs Kulda.
16:20 of 2nd period - Shot Misses the Net.
16:22 of 2nd period - Snap shot by Sebastian Wannstrom.
16:22 of 2nd period - Stopped by Connor Hellebyuk without a rebound.
16:23 of 2nd period - Michael Latta wins face-off versus Zemgus Girgensons in Demolitions zone.
17:13 of 2nd period - Slapshot by Billy Sweat.
17:13 of 2nd period - Shot Misses the Net.
17:39 of 2nd period - Slapshot by Ian Cole.
17:39 of 2nd period - Shot Misses the Net.
17:41 of 2nd period - Wrist shot by Andy Andreoff.
17:41 of 2nd period - Stopped by Connor Hellebyuk with a rebound.
17:43 of 2nd period - Wrist shot by Andy Andreoff.
17:43 of 2nd period - Stopped by Connor Hellebyuk without a rebound.
17:44 of 2nd period - Stephane Da Costa wins face-off versus Michael Latta in Demolitions zone.
17:51 of 2nd period - Wrist shot by Marc-André Bernier.
17:51 of 2nd period - Stopped by Connor Hellebyuk with a rebound.
18:18 of 2nd period - Slapshot by Dmitri Orlov.
18:18 of 2nd period - Deflect By Tommy Wingels.
18:18 of 2nd period - Stopped by Ben Bishop with a rebound.
18:20 of 2nd period - Slapshot by Dmitri Orlov.
18:20 of 2nd period - Shot Blocked by Samuel Morin.
18:22 of 2nd period - Snap shot by Robert Bortuzzo.
18:22 of 2nd period - Stopped by Ben Bishop without a rebound.
18:23 of 2nd period - Michael Latta wins face-off versus Stephane Da Costa in Senators zone.
18:26 of 2nd period - Snap shot by Garnet Hathaway.
18:26 of 2nd period - Shot Blocked by Marc-André Bernier.
18:36 of 2nd period - Snap shot by Stephane Da Costa.
18:36 of 2nd period - Deflect By Jonathan Blum.
18:36 of 2nd period - Shot Misses the Net.
18:36 of 2nd period - Puck is out of play.
18:37 of 2nd period - Stephane Da Costa wins face-off versus Corban Knight in Demolitions zone.
18:50 of 2nd period - Backhand shot by Brandon McMillan.
18:50 of 2nd period - Stopped by Ben Bishop with a rebound.
18:52 of 2nd period - Snap shot by Jonathan Blum.
18:52 of 2nd period - Deflect By Phil Di Giuseppe.
18:52 of 2nd period - Stopped by Ben Bishop with a rebound.
19:02 of 2nd period - Seth Helgeson is hit by Ian Cole and loses puck.
19:23 of 2nd period - Snap shot by Lane MacDermid.
19:23 of 2nd period - Stopped by Ben Bishop without a rebound.
19:24 of 2nd period - Nick Shore wins face-off versus Stephane Da Costa in Senators zone.
19:29 of 2nd period - Slapshot by Jonathan Blum.
19:29 of 2nd period - Shot Misses the Net.
19:31 of 2nd period - Slapshot by Seth Helgeson.
19:31 of 2nd period - Stopped by Ben Bishop with a rebound.
19:33 of 2nd period - Wrist shot by Nick Shore.
19:33 of 2nd period - Goal by Nick Shore - Demolitions : 2 - Senators : 3.
19:34 of 2nd period - Stephane Da Costa wins face-off versus Michael Latta in neutral zone.
19:36 of 2nd period - Ian Cole is hit by Seth Helgeson.
19:50 of 2nd period - Wrist shot by Marc-André Bernier.
19:50 of 2nd period - Stopped by Connor Hellebyuk without a rebound.
19:51 of 2nd period - Tommy Wingels wins face-off versus Corban Knight in Demolitions zone.
Goals for this period are 1 for Demolitions vs 2 for Senators.
Shots for this period are 14 for Demolitions vs 19 for Senators.
3rd period
0:01 of 3rd period - Stephane Da Costa wins face-off versus Michael Latta in neutral zone.
0:04 of 3rd period - Slapshot by Ian Cole.
0:04 of 3rd period - Shot Misses the Net.
0:06 of 3rd period - Snap shot by Ian Cole.
0:06 of 3rd period - Shot Misses the Net.
0:08 of 3rd period - Snap shot by Marc-André Bernier.
0:08 of 3rd period - Stopped by Connor Hellebyuk with a rebound.
0:10 of 3rd period - Slapshot by Arturs Kulda.
0:10 of 3rd period - Shot Blocked by Erik Cole.
0:12 of 3rd period - Slapshot by Arturs Kulda.
0:12 of 3rd period - Shot Blocked by Seth Helgeson.
0:31 of 3rd period - Snap shot by Spencer Machacek.
0:31 of 3rd period - Deflect By Brandon McMillan.
0:31 of 3rd period - Stopped by Ben Bishop without a rebound.
0:32 of 3rd period - Tommy Wingels wins face-off versus Corban Knight in Senators zone.
0:41 of 3rd period - Snap shot by Matt Frattin.
0:41 of 3rd period - Stopped by Connor Hellebyuk without a rebound.
0:42 of 3rd period - Corban Knight wins face-off versus Tommy Wingels in Demolitions zone.
0:47 of 3rd period - Snap shot by Cameron Schilling.
0:47 of 3rd period - Shot Misses the Net.
1:02 of 3rd period - Nick Foligno is hit by Corban Knight and loses puck.
1:44 of 3rd period - Wrist shot by Matt Frattin.
1:44 of 3rd period - Shot Blocked by Brandon McMillan.
1:46 of 3rd period - Wrist shot by Matt Frattin.
1:46 of 3rd period - Shot Blocked by Justin Falk.
1:48 of 3rd period - Slapshot by Nick Foligno.
1:48 of 3rd period - Shot Misses the Net.
1:52 of 3rd period - Slapshot by Nick Foligno.
1:52 of 3rd period - Stopped by Connor Hellebyuk with a rebound.
1:54 of 3rd period - Backhand shot by Tommy Wingels.
1:54 of 3rd period - Shot Misses the Net.
1:56 of 3rd period - Snap shot by Matt Frattin.
1:56 of 3rd period - Stopped by Connor Hellebyuk with a rebound.
2:10 of 3rd period - Snap shot by Nick Foligno.
2:10 of 3rd period - Stopped by Connor Hellebyuk without a rebound.
2:11 of 3rd period - Michael Latta wins face-off versus Stephane Da Costa in Demolitions zone.
2:11 of 3rd period - Michael Latta is hit by Marc-André Bernier.
3:02 of 3rd period - Slapshot by Seth Helgeson.
3:02 of 3rd period - Deflect By Andy Andreoff.
3:02 of 3rd period - Stopped by Ben Bishop with a rebound.
3:08 of 3rd period - Snap shot by Billy Sweat.
3:08 of 3rd period - Stopped by Ben Bishop with a rebound.
3:24 of 3rd period - Slapshot by Stephane Da Costa.
3:24 of 3rd period - Shot Misses the Net.
3:37 of 3rd period - Off-side.
3:38 of 3rd period - Nick Shore wins face-off versus Zemgus Girgensons in neutral zone.
4:00 of 3rd period - Icing by Lane MacDermid.
4:01 of 3rd period - Stephane Da Costa wins face-off versus Nick Shore in Demolitions zone.
4:25 of 3rd period - Robert Bortuzzo is hit by Zemgus Girgensons and loses puck.
4:40 of 3rd period - Robert Bortuzzo is hit by Ian Cole and loses puck.
6:07 of 3rd period - Aaron Palushaj is hit by Sebastian Wannstrom.
6:13 of 3rd period - Lane MacDermid is hit by Zemgus Girgensons and loses puck.
6:32 of 3rd period - Snap shot by Dmitri Orlov.
6:32 of 3rd period - Shot Misses the Net.
6:48 of 3rd period - Dmitri Orlov is hit by Dylan Blujus and loses puck.
7:01 of 3rd period - Wrist shot by Sebastian Wannstrom.
7:01 of 3rd period - Shot Misses the Net.
7:11 of 3rd period - Slapshot by Dmitri Orlov.
7:11 of 3rd period - Deflect By Lane MacDermid.
7:11 of 3rd period - Shot Misses the Net.
7:11 of 3rd period - Puck is out of play.
7:12 of 3rd period - Stephane Da Costa wins face-off versus Michael Latta in Senators zone.
7:38 of 3rd period - Ian Cole is hit by Corban Knight and loses puck.
8:23 of 3rd period - Wrist shot by Stephane Da Costa.
8:23 of 3rd period - Stopped by Connor Hellebyuk without a rebound.
8:24 of 3rd period - Phil Di Giuseppe wins face-off versus Michael Latta in Demolitions zone.
8:54 of 3rd period - Matt Frattin is hit by Spencer Machacek and loses puck.
9:15 of 3rd period - Snap shot by Andy Andreoff.
9:15 of 3rd period - Shot Blocked by Justin Falk.
9:17 of 3rd period - Slapshot by Samuel Morin.
9:17 of 3rd period - Shot Misses the Net.
9:19 of 3rd period - Wrist shot by Chandler Stephenson.
9:19 of 3rd period - Shot Blocked by Cameron Schilling.
10:06 of 3rd period - Grant Besse is hit by Andrej Nestrasil and loses puck.
10:44 of 3rd period - Icing by Cameron Schilling.
10:45 of 3rd period - Michael Latta wins face-off versus Tommy Wingels in Demolitions zone.
11:05 of 3rd period - Andy Andreoff is hit by Corban Knight and loses puck.
11:18 of 3rd period - Wrist shot by Stephane Da Costa.
11:18 of 3rd period - Stopped by Connor Hellebyuk without a rebound.
11:19 of 3rd period - Stephane Da Costa wins face-off versus Andrej Nestrasil in Demolitions zone.
11:26 of 3rd period - Marc-André Bernier is hit by Seth Helgeson.
11:47 of 3rd period - Slapshot by Ian Cole.
11:47 of 3rd period - Deflect By Phil Di Giuseppe.
11:47 of 3rd period - Shot Misses the Net.
11:47 of 3rd period - Puck is out of play.
11:48 of 3rd period - Michael Latta wins face-off versus Tommy Wingels in Demolitions zone.
11:48 of 3rd period - Michael Latta is hit by Nick Foligno.
11:56 of 3rd period - Snap shot by Garnet Hathaway.
11:56 of 3rd period - Deflect By Erik Cole.
11:56 of 3rd period - Shot Misses the Net.
11:56 of 3rd period - Puck is out of play.
11:57 of 3rd period - Michael Latta wins face-off versus Tommy Wingels in Senators zone.
12:14 of 3rd period - Snap shot by Matt Frattin.
12:14 of 3rd period - Shot Misses the Net.
12:54 of 3rd period - Slapshot by Erik Cole.
12:54 of 3rd period - Stopped by Ben Bishop with a rebound.
13:04 of 3rd period - Seth Helgeson is hit by Matt Frattin and loses puck.
13:19 of 3rd period - Nick Foligno is hit by Michael Latta.
13:23 of 3rd period - Wrist shot by Erik Cole.
13:23 of 3rd period - Deflect By Nick Foligno.
13:23 of 3rd period - Stopped by Ben Bishop without a rebound.
13:24 of 3rd period - Spencer Machacek wins face-off versus Phil Di Giuseppe in Senators zone.
13:45 of 3rd period - Spencer Machacek is hit by Phil Di Giuseppe and loses puck.
13:52 of 3rd period - Minor Penalty to Spencer Machacek for Tripping.
13:53 of 3rd period - Stephane Da Costa wins face-off versus Corban Knight in Demolitions zone.
13:58 of 3rd period - Snap shot by Stephane Da Costa.
13:58 of 3rd period - Stopped by Connor Hellebyuk with a rebound.
14:00 of 3rd period - Snap shot by Phil Di Giuseppe.
14:00 of 3rd period - Stopped by Connor Hellebyuk with a rebound.
14:02 of 3rd period - Snap shot by Marc-André Bernier.
14:02 of 3rd period - Stopped by Connor Hellebyuk with a rebound.
14:04 of 3rd period - Snap shot by Stephane Da Costa.
14:04 of 3rd period - Deflect By Marc-André Bernier.
14:04 of 3rd period - Stopped by Connor Hellebyuk with a rebound.
14:55 of 3rd period - Minor Penalty to Grant Besse for Interference.
14:56 of 3rd period - Michael Latta wins face-off versus Stephane Da Costa in Senators zone.
15:35 of 3rd period - Snap shot by Samuel Morin.
15:35 of 3rd period - Deflect By Erik Cole.
15:35 of 3rd period - Stopped by Connor Hellebyuk with a rebound.
15:37 of 3rd period - Snap shot by Blake Coleman.
15:37 of 3rd period - Stopped by Connor Hellebyuk with a rebound.
15:52 of 3rd period - Penalty to Spencer Machacek is over, Spencer Machacek is back on ice.
16:01 of 3rd period - Wrist shot by Spencer Machacek.
16:01 of 3rd period - Stopped by Ben Bishop without a rebound.
16:02 of 3rd period - Erik Cole wins face-off versus Blake Coleman in Senators zone.
16:23 of 3rd period - Slapshot by Dmitri Orlov.
16:23 of 3rd period - Shot Misses the Net.
16:25 of 3rd period - Slapshot by Erik Cole.
16:25 of 3rd period - Shot Misses the Net.
16:27 of 3rd period - Snap shot by Justin Falk.
16:27 of 3rd period - Shot Blocked by Arturs Kulda.
16:45 of 3rd period - Andy Andreoff is hit by Joel Vermin and loses puck.
16:55 of 3rd period - Penalty to Grant Besse is over, Grant Besse is back on ice.
17:22 of 3rd period - Wrist shot by Matt Frattin.
17:22 of 3rd period - Stopped by Connor Hellebyuk without a rebound.
17:23 of 3rd period - Corban Knight wins face-off versus Zemgus Girgensons in Demolitions zone.
17:42 of 3rd period - Snap shot by Tommy Wingels.
17:42 of 3rd period - Shot Blocked by Cameron Schilling.
17:44 of 3rd period - Snap shot by Nick Foligno.
17:44 of 3rd period - Stopped by Connor Hellebyuk without a rebound.
17:45 of 3rd period - Zemgus Girgensons wins face-off versus Corban Knight in Demolitions zone.
18:56 of 3rd period - Demolitions, Connor Hellebyuk is pulled from the net.
19:04 of 3rd period - Wrist shot by Garnet Hathaway.
19:04 of 3rd period - Shot Blocked by Dylan Blujus.
19:16 of 3rd period - Slapshot by Michael Latta.
19:16 of 3rd period - Stopped by Ben Bishop with a rebound.
19:48 of 3rd period - Snap shot by Michael Latta.
19:48 of 3rd period - Stopped by Ben Bishop with a rebound.
Goals for this period are 0 for Demolitions vs 0 for Senators.
Shots for this period are 8 for Demolitions vs 15 for Senators.
Back to the Top